 Dungeon Crawl Stone Soup version 0.25-a0-667-gb977e01cb5 (webtiles) character file.

Game seed: 5553189736838264051, levelgen mode: deterministic

52832 KiliKikkendorf the Basher (level 14, 0/127 HPs)
             Began as a Minotaur Fighter on Mar 26, 2020.
             Was the Champion of Okawaru.
             Killed from afar by a raiju (9 damage)
             ... with a living lightning
             ... on level 6 of the Lair of Beasts on Mar 27, 2020.
             The game lasted 01:53:44 (21428 turns).

KiliKikkendorf the Basher (Minotaur Fighter)       Turns: 21428, Time: 01:53:45

Health: 0/127      AC: 24    Str: 24    XL:     14   Next: 28%
Magic:  13/13      EV:  9    Int: 13    God:    Okawaru [******]
Gold:   1557       SH: 13    Dex: 14    Spells: 13/13 levels left

rFire    . . .     SeeInvis .   J - +6 eveningstar
rCold    . . .     Gourm    .   g - +0 kite shield of the Blind Marksman {-Tele rPois rN++ Int+3}
rNeg     + + .     Faith    .   s - +0 plate armour
rPois    +         Spirit   .   (helmet restricted)
rElec    .         Reflect  .   F - +0 cloak
rCorr    .         Harm     .   v - +2 pair of gloves
MR       +....     NoTele   +   y - +2 pair of boots
Stlth    ..........             (no amulet)
HPRegen  0.31/turn              u - ring of flight
MPRegen  0.13/turn              U - +5 ring of intelligence

@: no status effects
A: retaliatory headbutt, horns 2, agile 1, MP-powered wands
a: Heroism, Finesse, Renounce Religion, Evoke Flight


You were on level 6 of the Lair of Beasts.
You worshipped Okawaru.
Okawaru was exalted by your worship.
You were not hungry.

You visited 2 branches of the dungeon, and saw 16 of its levels.
You also visited: Gauntlet and Ice Cave.

You collected 1557 gold pieces.

Inventory:

Hand Weapons
 k - the +1 quarterstaff of Integrity {protect, Dex+8}
   (Okawaru gifted it to you on level 9 of the Dungeon)

   It grants its wielder temporary protection when it strikes (+7 to AC).
   It affects your dexterity (+8).
 m - a +2 morningstar of flaming
 A - the +5 fustibalus of Enueraci {venom, rC+}
   (Okawaru gifted it to you in an ice cave)

   It poisons the ammo it fires.
   It protects you from cold.
 E - a +5 quarterstaff of chaos
 G - the +1 morningstar of Kiath {vorpal, rC+}
   (Okawaru gifted it to you on level 8 of the Dungeon)

   It inflicts extra damage upon your enemies.
   It protects you from cold.
 J - a +6 eveningstar (weapon)
 K - a +0 mace of holy wrath
 O - a +1 great mace of protection
Missiles
 q - 3 atropa-tipped darts
 w - 12 javelins (quivered)
 R - 17 silver javelins
Armour
 c - a +2 kite shield
 g - the +0 kite shield of the Blind Marksman (worn) {-Tele rPois rN++ Int+3}
   (Okawaru gifted it to you on level 3 of the Lair of Beasts)

   It affects your intelligence (+3).
   It protects you from poison.
   It greatly protects you from negative energy.
   It prevents most forms of teleportation.
 o - a scarf of cloud immunity
 r - +0 steam dragon scales
 s - a +0 plate armour (worn)
 v - a +2 pair of gloves (worn)
 y - a +2 pair of boots (worn)
 F - a +0 cloak (worn)
 H - +0 ice dragon scales
 V - a +0 pair of gloves of strength
 Z - a +2 scale mail of cold resistance
Magical Staves
 L - an uncursed staff of fire
Jewellery
 u - a ring of flight (left hand)
 I - an uncursed ring of ice
 Q - an uncursed ring of stealth
 U - a +5 ring of intelligence (right hand)
 W - an uncursed ring of ice
 Y - an uncursed ring of fire
Wands
 b - a wand of clouds (12)
 p - a wand of digging (20)
 x - a wand of paralysis (30)
 z - a wand of enslavement (12)
 D - a wand of iceblast (10)
 M - a wand of random effects (14)
 P - a wand of scattershot (10)
 T - a wand of disintegration (13)
 X - a wand of acid (5)
Scrolls
 h - 17 scrolls of identify
 i - 3 scrolls of immolation
 j - a scroll of fog
 t - 3 scrolls of amnesia
 B - 4 scrolls of teleportation
 C - 7 scrolls of remove curse
 S - a scroll of magic mapping
Potions
 a - a potion of lignification
 d - 2 potions of might
 e - 2 potions of mutation
 l - 3 potions of stabbing
 n - a potion of brilliance
Miscellaneous
 N - a phial of floods
Comestibles
 f - 25 rations


   Skills:
 + Level 12.3 Fighting
 - Level 14.0(14.7) Maces & Flails
 - Level 8.4(12.2) Staves
 + Level 6.8 Throwing
 + Level 12.1 Armour
 + Level 4.3 Dodging
 + Level 2.1 Stealth
 + Level 13.1 Shields
 * Level 9.2 Unarmed Combat
 + Level 1.1 Invocations


You had 13 spell levels left.
You didn't know any spells.
Your spell library contained the following spells:

 Spells                   Type           Power        Failure   Level  Hunger
 Magic Dart               Conj           #...         98%         1    ##.....
 Sting                    Tmut/Pois      #...         98%         1    ##.....
 Searing Ray              Conj           #.....       99%         2    ###....
 Confusing Touch          Hex            #.......     100%        3    ####...
 Dazzling Flash           Conj/Hex       #.....       100%        3    ####...
 Gell's Gravitas          Tloc           #.........   100%        3    ####...
 Recall                   Summ/Tloc      N/A          100%        3    ####...
 Fulminant Prism          Conj/Hex       #.........   100%        4    #####..
 Ice Form                 Ice/Tmut       #.......     100%        4    #####..
 Iskenderun's Mystic Bla  Conj/Tloc      #.......     100%        4    #####..
 Petrify                  Tmut/Erth      #.......     100%        4    #####..
 Alistair's Intoxication  Tmut/Pois      #.......     100%        5    ######.
 Blade Hands              Tmut           #.........   100%        5    ######.
 Metabolic Englaciation   Hex/Ice        #.........   100%        5    ######.
 Yara's Violent Unravell  Hex/Tmut       #.........   100%        5    ######.
 Freezing Cloud           Conj/Ice/Air   #.........   100%        6    #######
 Hydra Form               Tmut           #.........   100%        6    #######
 Ozocubu's Refrigeration  Ice            #.........   100%        6    #######
 Simulacrum               Ice/Necr       #.........   100%        6    #######


Dungeon Overview and Level Annotations

Branches:
Dungeon (10/15)            Temple (0/1) D:4            Lair (6/6) D:10
  Swamp (0/4) Lair:2       Spider (0/4) Lair:3        Slime (0/5) Lair:5
  IceCv (visited)         Gauntlet (visited)
    Orc: D:9-12

Altars:
Elyvilon
Fedhas
Okawaru
Ru
Sif Muna
Vehumet
Wu Jian
Yredelemnul

Shops:
D:6 :   D:10 :

Portals:
Trove: D:10 (give 16 potions of curing)

Annotations:
Lair:4 exclusion: oklob plant


Innate Abilities, Weirdness & Mutations

You reflexively headbutt those who attack you in melee.
You have a pair of horns on your head.
You are agile. (Dex +2)
You expend magic power (3 MP) to strengthen your wands.


Message History

The raiju blinks!
You hit the plant. You headbutt the plant!
The plant is moderately damaged.
The raiju bursts into living lightning!
The living lightning hits you!! The living lightning hits you!
* * * LOW HITPOINT WARNING * * *
The raiju blinks!
The raiju bursts into living lightning!
The living lightning hits you!!
* * * LOW HITPOINT WARNING * * *
The living lightning hits you!
* * * LOW HITPOINT WARNING * * *
The raiju blinks!
The raiju bursts into living lightning!
The living lightning hits the plant.
The living lightning hits you.
* * * LOW HITPOINT WARNING * * *
The raiju blinks!
The raiju bursts into living lightning!
The living lightning hits you!
You die...

###...h#.#....hh†h....#P.. #....†
#%...#P##.#.#.#.....#P.# #.#.†..
##..#P##########..†#P..####...#.
##.### ####...P.##P...## ##
##h§...P#...## ##h§.P.......#
####P......#.#### ##
##########..........#.#
..####.##...P...@#..†###..#
....P........h##.##..# .##
...PPP...<....#...#.########
.#..P..##...#.#.<........#.##
.P.<..##.#....#...#...#.....####
......###.....#...#......PP..#.#
.#.....##..P......(#..P...P...###
...............#...##.#..###...P.
.....#....##...#....###.#...8...P


You could see a polar bear, a raiju and a black bear.

Vanquished Creatures
  A minotaur (Gauntlet)
  4 hydras
  A two-headed ogre (D:8)
  10 death yaks
  Urug (D:9)
  A death scarab (Gauntlet)
  A spectral hydra (Gauntlet)
  Pikel (D:8)
  A necromancer (Gauntlet)
  3 ugly things
  A rust devil (Gauntlet)
  12 elephants
  Joseph (D:10)
  8 spiny frogs
  3 black mambas
  Psyche (D:8)
  A minotaur zombie (Gauntlet)
  6 rime drakes
  Maggie (D:10)
  10 komodo dragons
  4 polar bears (Lair:6)
  A queen bee (Lair:2)
  4 jumping spiders (Lair:3)
  Grinder (D:3)
  5 blink frogs (Lair:1)
  Prince Ribbit (D:5)
  A raiju (Lair:6)
  12 hippogriffs
  4 redbacks (Lair:3)
  27 yaks
  3 wyverns
  A ynoxinul (Gauntlet)
  A human (D:7)
  3 basilisks
  3 hogs (D:7)
  Grum (D:10)
  Menkaure (D:5)
  6 wargs
  11 water moccasins
  3 hell hounds (Lair:6)
  9 porcupines
  A slave (D:8)
  8 black bears
  A hornet zombie (D:9)
  3 orc warriors
  3 sky beasts
  10 ice beasts
  A phantom (D:10)
  9 ogres
  26 wolves
  3 centaurs
  19 crocodiles
  A gnoll sergeant (D:6)
  9 bullfrogs
  4 scorpions
  28 killer bees
  2 howler monkeys
  3 wights (D:8)
  6 crimson imps
  A quasit (D:8)
  7 hounds
  10 orc wizards
  3 orc priests
  7 centaur skeletons
  17 jellies
  4 iguanas
  4 iron imps (Gauntlet)
  Jessica (D:3)
  Crazy Yiuf (D:7)
  5 hell rats
  4 worker ants
  A hound zombie (D:5)
  A hound skeleton (D:5)
  10 gnolls
  A howler monkey zombie (D:6)
  13 adders
  3 oozes
  2 adder zombies
  4 adder skeletons
  2 worms
  2 dart slugs (D:1)
  2 leopard geckos
  25 orcs
  3 giant cockroaches
  5 goblins
  5 hobgoblins
  14 jackals
  5 quokkas
  2 ball pythons (D:5)
  11 bats
  5 frilled lizards
  A jackal zombie (D:5)
  10 kobolds
  A leopard gecko skeleton (D:6)
  A quokka skeleton (D:5)
  4 rats
  2 fungi
506 creatures vanquished.

Vanquished Creatures (others)
  A crimson imp (D:8)
  10 fungi
  13 plants
24 creatures vanquished.

Grand Total: 530 creatures vanquished

Notes
Turn   | Place    | Note
-------+----------+-------------------------------------------
     0 | D:1      | KiliKikkendorf the Minotaur Fighter began the quest for the
                  | Orb.
     0 | D:1      | Reached XP level 1. HP: 19/19 MP: 0/0
    47 | D:1      | Reached XP level 2. HP: 17/27 MP: 1/1
   182 | D:1      | Reached XP level 3. HP: 23/33 MP: 2/2
   722 | D:2      | Found a sacrificial altar of Ru.
   928 | D:2      | Reached skill level 3 in Maces & Flails
   929 | D:2      | Found an iron altar of Okawaru.
   943 | D:2      | Became a worshipper of Warmaster Okawaru
  1056 | D:2      | Found a sacrificial altar of Ru.
  1079 | D:2      | Reached skill level 1 in Unarmed Combat
  1173 | D:2      | Reached skill level 1 in Dodging
  1173 | D:2      | Reached XP level 4. HP: 39/40 MP: 3/3
  1589 | D:3      | Noticed Grinder
  1809 | D:3      | Paralysed by Grinder for 7 turns
  1820 | D:3      | Killed Grinder
  1820 | D:3      | Reached * piety under Okawaru
  1820 | D:3      | Reached ** piety under Okawaru
  1820 | D:3      | Reached skill level 4 in Maces & Flails
  1820 | D:3      | Reached skill level 5 in Shields
  1820 | D:3      | Reached XP level 5. HP: 16/47 MP: 4/4
  1820 | D:3      | Reached XP level 6. HP: 18/53 MP: 5/5
  2345 | D:3      | Noticed Jessica
  2350 | D:3      | Killed Jessica
  2786 | D:3      | Reached skill level 5 in Armour
  3307 | D:4      | Reached XP level 7. HP: 60/60 MP: 6/6
  3414 | D:4      | Found a staircase to the Ecumenical Temple.
  3656 | D:3      | Reached skill level 5 in Maces & Flails
  4082 | D:4      | Reached skill level 5 in Fighting
  4097 | D:4      | Reached *** piety under Okawaru
  4097 | D:4      | Reached skill level 6 in Maces & Flails
  4179 | D:4      | You fall into a shaft and drop 1 floor!
  4179 | D:5      | Entered Level 5 of the Dungeon
  4202 | D:5      | Reached XP level 8. HP: 69/69 MP: 7/7
  4389 | D:4      | Found a basalt altar of Yredelemnul.
  4448 | D:5      | Reached skill level 7 in Maces & Flails
  4664 | D:5      | Noticed Prince Ribbit
  5139 | D:5      | Killed Prince Ribbit
  5139 | D:5      | Reached skill level 8 in Maces & Flails
  5205 | D:5      | Noticed Menkaure
  5211 | D:5      | Killed Menkaure
  5211 | D:5      | Reached **** piety under Okawaru
  5246 | D:5      | Found a blossoming altar of Fedhas.
  5292 | D:5      | Found a radiant altar of Vehumet.
  5660 | D:5      | Reached skill level 9 in Maces & Flails
  5894 | D:6      | Reached XP level 9. HP: 59/75 MP: 8/8
  5973 | D:6      | Reached skill level 1 in Throwing
  6576 | D:6      | Found Orevvung's Book Shop.
  6673 | D:6      | Found a white marble altar of Elyvilon.
  7265 | D:7      | Reached skill level 5 in Unarmed Combat
  7544 | D:7      | Reached skill level 1 in Stealth
  7811 | D:7      | Found an ornate altar of the Wu Jian Council.
  7831 | D:7      | Reached ***** piety under Okawaru
  7831 | D:7      | Received a gift from Okawaru
  7961 | D:7      | Found a runed translucent door.
  7962 | D:7      | Noticed Crazy Yiuf
  7968 | D:7      | Killed Crazy Yiuf
  8151 | D:8      | Reached XP level 10. HP: 86/86 MP: 9/9
  8170 | D:8      | Reached skill level 1 in Staves
  8280 | D:8      | Noticed Psyche
  8304 | D:8      | Killed Psyche
  8451 | D:8      | Noticed a two-headed ogre
  8456 | D:8      | Killed a two-headed ogre
  8456 | D:8      | Received a gift from Okawaru
  8457 | D:8      | Got a dazzling morningstar {god gift}
  8468 | D:8      | Identified the +1 morningstar of Kiath {vorpal, rC+}
                  | (Okawaru gifted it to you on level 8 of the Dungeon)
  8476 | D:8      | Noticed Pikel
  8488 | D:8      | Killed Pikel
  8628 | D:8      | Reached skill level 5 in Staves
 10008 | D:9      | Found a shimmering blue altar of Sif Muna.
 10025 | D:9      | Reached XP level 11. HP: 43/95 MP: 10/10
 10611 | D:10     | Entered Level 10 of the Dungeon
 10622 | D:10     | Noticed Urug
 10753 | D:9      | Killed Urug
 11085 | D:10     | Noticed Maggie
 11129 | D:9      | Received a gift from Okawaru
 11134 | D:9      | Got a translucent quarterstaff {god gift}
 11140 | D:9      | Identified the +1 quarterstaff of Integrity {protect,
                  | Dex+8} (Okawaru gifted it to you on level 9 of the Dungeon)
 11203 | D:10     | Found Piph's Book Shop.
 11208 | D:10     | Noticed a red ugly thing
 11221 | D:10     | HP: 4/95 [red ugly thing (23)]
 11228 | D:10     | Killed a red ugly thing
 11228 | D:10     | Reached skill level 10 in Maces & Flails
 11486 | D:10     | Killed Maggie
 11877 | D:10     | Noticed Grum
 11933 | D:9      | Gained mutation: You are agile. (Dex +2) [potion of
                  | mutation]
 11933 | D:9      | Gained mutation: You expend magic power (3 MP) to
                  | strengthen your wands. [potion of mutation]
 11936 | D:9      | HP: 7/145 [poisoned by an orc wizard]
 11942 | D:9      | HP: 5/145 [poisoned by an orc wizard]
 11947 | D:9      | HP: 5/145 [poisoned by an orc wizard]
 11954 | D:9      | HP: 3/97 [poisoned by an orc wizard]
 11962 | D:9      | HP: 3/97 [poisoned by an orc wizard]
 12381 | D:10     | Killed Grum
 12398 | D:10     | Found a staircase to the Lair.
 12457 | D:10     | Noticed Joseph
 12465 | D:10     | Killed Joseph
 12535 | D:10     | Found a portal to a secret trove of treasure.
 12832 | Lair:1   | Entered Level 1 of the Lair of Beasts
 12835 | Lair:1   | Reached skill level 11 in Maces & Flails
 13211 | Lair:1   | Received a gift from Okawaru
 13614 | Lair:2   | Reached skill level 12 in Maces & Flails
 13660 | Lair:2   | Reached skill level 10 in Armour
 13662 | Lair:2   | Upgraded the game from 0.25-a0-665-ga69d64035b to
                  | 0.25-a0-667-gb977e01cb5
 13803 | Lair:2   | Found a staircase to the Swamp.
 13812 | Lair:2   | Reached XP level 12. HP: 105/105 MP: 11/11
 13831 | Lair:2   | Reached skill level 5 in Throwing
 14060 | Lair:2   | Noticed a death yak
 14060 | Lair:2   | Noticed a death yak
 14073 | Lair:2   | Noticed a death yak
 14074 | Lair:2   | Noticed a death yak
 14079 | Lair:2   | Killed a death yak
 14079 | Lair:2   | Reached ****** piety under Okawaru
 14087 | Lair:2   | Killed a death yak
 14093 | Lair:2   | Killed a death yak
 14093 | Lair:2   | Received a gift from Okawaru
 14101 | Lair:2   | Killed a death yak
 14101 | Lair:2   | Reached skill level 13 in Maces & Flails
 14108 | Lair:2   | Received a gift from Okawaru
 14573 | Lair:2   | Received a gift from Okawaru
 15213 | Lair:2   | Noticed a four-headed hydra
 15222 | Lair:2   | Killed a four-headed hydra
 15222 | Lair:2   | Reached skill level 14 in Maces & Flails
 15284 | Lair:3   | Reached skill level 10 in Shields
 15327 | Lair:3   | Found a gate leading to a gauntlet.
 15336 | Gauntlet | Entered a Gauntlet
 15336 | Gauntlet | Found a transporter.
 15336 | Gauntlet | Found a transporter.
 15346 | Gauntlet | Found a transporter.
 15349 | Gauntlet | Found a transporter.
 15360 | Gauntlet | Found a transporter.
 15360 | Gauntlet | Found a transporter.
 15362 | Gauntlet | Noticed a death yak
 15368 | Gauntlet | Found a transporter.
 15368 | Gauntlet | Noticed a death yak
 15368 | Gauntlet | Noticed a death yak
 15370 | Gauntlet | Noticed a death yak
 15371 | Gauntlet | Noticed a death yak
 15371 | Gauntlet | Noticed a death yak
 15386 | Gauntlet | Found a transporter.
 15386 | Gauntlet | Noticed an entropy weaver
 15405 | Gauntlet | Found a transporter.
 15406 | Gauntlet | Found a transporter.
 15417 | Gauntlet | Found a transporter.
 15419 | Gauntlet | Found a transporter.
 15528 | Gauntlet | Identified Bihaj's Collected Works on Creative Moulding
 15649 | Gauntlet | Noticed a death scarab
 15662 | Gauntlet | Killed a death scarab
 15662 | Gauntlet | Reached skill level 10 in Fighting
 15874 | Gauntlet | Killed a death yak
 15881 | Gauntlet | Killed a death yak
 15890 | Gauntlet | Killed a death yak
 15901 | Gauntlet | Killed a death yak
 15901 | Gauntlet | Reached XP level 13. HP: 14/114 MP: 12/12
 15905 | Gauntlet | HP: 4/114 [death yak (11)]
 15910 | Gauntlet | Received a gift from Okawaru
 16372 | Gauntlet | Noticed a minotaur
 16387 | Gauntlet | Killed a minotaur
 16738 | Lair:3   | Reached skill level 1 in Invocations
 17372 | Lair:3   | Found a hole to the Spider Nest.
 17792 | Lair:3   | Received a gift from Okawaru
 17795 | Lair:3   | Got a slimy kite shield {god gift}
 17806 | Lair:3   | Identified the +0 kite shield of the Blind Marksman {-Tele
                  | rPois rN++ Int+3} (Okawaru gifted it to you on level 3 of
                  | the Lair of Beasts)
 19201 | Lair:5   | Found a staircase to the Slime Pits.
 19830 | Lair:6   | Entered Level 6 of the Lair of Beasts
 19903 | Lair:6   | Reached XP level 14. HP: 102/126 MP: 13/13
 20011 | Lair:6   | Found a frozen archway.
 20034 | IceCv    | Entered an ice cave
 20052 | IceCv    | Received a gift from Okawaru
 20397 | IceCv    | Got a steaming fustibalus {god gift}
 20398 | IceCv    | Identified the +5 fustibalus of Enueraci {venom, rC+}
                  | (Okawaru gifted it to you in an ice cave)
 20403 | IceCv    | Found a transporter.
 20478 | IceCv    | Found a transporter.
 21428 | Lair:6   | Killed from afar by a raiju

Levels and vault maps discovered:
D:1:      dpeg_arrival_houses_and_road, layout_rooms,
          chequers_serial_rivers_small_3, minmay_tromino_v4_b
D:2:      layout_loops_ring, overflow_temple_1_default,
          okawaru_ov_weapons_minmay, first_ration, minmay_misc_feat_ornament,
          nicolae_ru_awakened_eye
D:3:      layout_loops_corners, cheibrodos_gnoll_hut, uniq_jessica, uniq_grinder
D:4:      layout_gridville, marbit_many_paths, temple_green
D:5:      layout_basic, nicolae_overflow_crystal_walls, lemuel_crystal_altar,
          uniq_prince_ribbit1, uniq_menkaure
D:6:      layout_basic, kennysheep_mini_moat, serial_shops,
          nicolae_shop_behind_doors
D:7:      layout_basic, old_standard_altar, grunt_livestock,
          uniq_crazy_yiuf_cottage
D:8:      layout_loops_ring, uniq_psyche, uniq_pikel
D:9:      layout_basic, overflow_temple_1_default
D:10:     cheibrodos_iron_armory, layout_gridville, erik_lair_orcish_takeover,
          nicolae_trove_entry_diagonal, serial_shops, shop, uniq_joseph,
          uniq_urug, uniq_grum, uniq_maggie
Lair:1:   layout_loops_ring
Lair:2:   layout_small_grid, minmay_swamp_entry_reptiles, special_room
          [special_room_bee], patterned_corridor
Lair:3:   layout_regular_city, nicolae_spider_entry_tight_spaces,
          gauntlet_entry_generic
Lair:4:   layout_layer_cave, minmay_lair_oklob_bushes
Lair:5:   layout_roguey, minmay_slime_entry_jelly_boxes
Lair:6:   hangedman_lair_caniforms_friends, layout_loops_ring,
          portal_ice_cave_entry_pillars_2, grunt_megastairs_4

Skill      XL: |  1  2  3  4  5  6  7  8  9 10 11 12 13 14 |
---------------+-------------------------------------------+-----
Shields        | 4 5 6 7 8 9 10 12 13 | 13.1
Armour         | 4 5 6 8 9 10 11 12 | 12.1
Fighting       | 4 5 6 7 8 9 10 12 | 12.3
Maces & Flails | 3 4 6 9 12 14 | 14.0
Unarmed Combat | 1 2 3 4 5 6 8 9 |  9.2
Dodging        | 1 2 3 4 |  4.3
Throwing       | 3 4 5 6 |  6.8
Stealth        | 1 2 |  2.1
Staves         | 7 8 |  8.4
Invocations    | 1 |  1.1

Action                   |  1- 3 |  4- 6 |  7- 9 | 10-12 | 13-15 || total
-------------------------+-------+-------+-------+-------+-------++-------
Melee: Flail             |   109 |   100 |   355 |       |       ||   564
       Headbutt          |    12 |    14 |    66 |   135 |   130 ||   357
       Trident           |       |     8 |       |       |       ||     8
       Quarterstaff      |       |       |     9 |   199 |       ||   208
       Eveningstar       |       |       |       |   432 |   389 ||   821
       Morningstar       |       |       |       |       |   123 ||   123
Throw: Boomerang         |       |     2 |    51 |    46 |       ||    99
       Javelin           |       |       |       |    12 |    43 ||    55
Invok: Heroism           |       |       |       |     4 |     2 ||     6
       Finesse           |       |       |       |     1 |     1 ||     2
 Abil: Evoke Flight      |       |       |       |       |     1 ||     1
Evoke: Wand              |       |       |       |       |     1 ||     1
  Use: Scroll            |     7 |       |     5 |     2 |     5 ||    19
       Potion            |     3 |     2 |       |    11 |     5 ||    21
 Stab: Invisible         |       |       |     1 |       |     1 ||     2
       Paralysed         |       |       |       |     3 |       ||     3
  Eat: Ration            |       |     1 |     3 |     4 |     4 ||    12
       Chunk             |       |     4 |     6 |    13 |     5 ||    28
Armor: Scale mail        |    65 |    41 |    66 |       |    41 ||   213
       Plate armour      |       |       |    27 |   326 |   203 ||   556
       Skin              |       |       |       |       |     8 ||     8
Dodge: Dodged            |    47 |    33 |    87 |   173 |   187 ||   527
Block: Kite shield       |   102 |    69 |   197 |   287 |   410 ||  1065

Table legend:
 A = Non-vault XP
 B = Vault XP
 C = Vault XP percentage of total XP
 D = Non-vault monster count
 E = Vault monster count
 F = Vault count percentage of total count
                 A         B        C        D         E       F
            +---------+---------+-------+---------+---------+-------
      Total |   46927 |   28548 |  37.8 |     363 |     140 |  27.8
            +---------+---------+-------+---------+---------+-------
        D:1 |      56 |       3 |   5.1 |      30 |       2 |   6.2
        D:2 |      56 |       0 |   0.0 |      18 |       0 |   0.0
        D:3 |     364 |     430 |  54.2 |      19 |       5 |  20.8
        D:4 |     531 |     112 |  17.4 |      17 |       1 |   5.6
        D:5 |     688 |     440 |  39.0 |      30 |       2 |   6.2
        D:6 |     647 |       0 |   0.0 |      16 |       0 |   0.0
        D:7 |    1020 |    1012 |  49.8 |      12 |       6 |  33.3
        D:8 |    2483 |    1045 |  29.6 |      28 |       2 |   6.7
        D:9 |    4270 |    1003 |  19.0 |      40 |       3 |   7.0
       D:10 |    1435 |    1566 |  52.2 |      18 |      11 |  37.9
     Lair:1 |    3402 |       0 |   0.0 |      16 |       0 |   0.0
     Lair:2 |    8210 |    2469 |  23.1 |      29 |      30 |  50.8
     Lair:3 |    4463 |    2068 |  31.7 |      17 |       8 |  32.0
     Lair:4 |    3394 |       0 |   0.0 |      15 |       0 |   0.0
     Lair:5 |   10230 |     591 |   5.5 |      32 |      15 |  31.9
     Lair:6 |    5678 |    6269 |  52.5 |      26 |      30 |  53.6
      IceCv |       0 |    1654 | 100.0 |       0 |       8 | 100.0
   Gauntlet |       0 |    9886 | 100.0 |       0 |      17 | 100.0
            +---------+---------+-------+---------+---------+-------
